 Dungeon Crawl Stone Soup version 0.29-a0-1039-gfc20370e89 (webtiles) character file.

Game seed: 6818618970000389068

91 BritishOli the Trooper (level 4, -1/37 HPs)
             Began as a Demonspawn Fighter on Aug 15, 2022.
             Slain by an orc
             ... wielding a +0 mace
              (6 damage)
             ... on level 3 of the Dungeon.
             The game lasted 00:01:53 (2340 turns).

BritishOli the Trooper (Demonspawn Fighter)         Turns: 2340, Time: 00:01:53

Health: -1/37      AC:  6    Str: 18    XL:     4   Next: 33%
Magic:  4/4        EV:  9    Int: 10    God:
Gold:   109        SH:  4    Dex: 12    Spells: 3/3 levels left

rFire   + . .      SeeInvis +   a - +0 long sword
rCold   . . .      Faith    .   c - +0 buckler
rNeg    . . .      Spirit   .   b - +0 scale mail
rPois   .          Reflect  .   (no helmet)
rElec   .          Harm     .   (no cloak)
rCorr   .          Rampage  .   (no gloves)
Will    .....                   (no boots)
Stlth   ..........              (no amulet)
HPRegen 0.12/turn               h - ring of see invisible
MPRegen 0.09/turn               o - ring of protection from fire

@: no status effects
A: weakness stinger 2
a: no special abilities


You were on level 3 of the Dungeon.
You visited 1 branch of the dungeon, and saw 3 of its levels.

You collected 109 gold pieces.

Inventory:

Hand Weapons
 a - a +0 long sword (weapon)
Armour
 b - a +0 scale mail (worn)
 c - a +0 buckler (worn)
Jewellery
 h - a ring of see invisible (left hand)
 k - a ring of willpower
 o - a ring of protection from fire (right hand)
Wands
 p - a wand of iceblast (10)
 t - a wand of polymorph (4)
Scrolls
 e - a scroll of enchant armour {unknown}
 g - 2 scrolls of poison {unknown}
 i - 5 scrolls of identify {unknown}
 m - a scroll of amnesia {unknown}
 s - a scroll of noise {unknown}
 u - a scroll of torment {unknown}
 v - a scroll of enchant weapon {unknown}
 w - a scroll of vulnerability {unknown}
Potions
 d - a potion of might
 f - 4 potions of heal wounds {unknown}
 j - a potion of mutation {unknown}
 l - 2 potions of curing {unknown}
 n - a potion of haste
 q - a potion of resistance {unknown}
 r - a potion of attraction {unknown}


   Skills:
 + Level 3.7 Fighting
 + Level 2.5 Long Blades
 + Level 3.2 Armour
 + Level 3.3 Shields


You had 3 spell levels left.
You didn't know any spells.
Your spell library contained the following spells:

 Spells                   Type           Power      Damage    Failure   Level
 Ensorcelled Hibernation  Hex/Ice        0%         N/A       93%         2
 Gell's Gravitas          Tloc           0%         N/A       99%         3
 Spider Form              Tmut/Pois      0%         N/A       99%         3
 Teleport Other           Tloc           0%         N/A       99%         3
 Anguish                  Hex/Necr       0%         N/A       100%        4
 Dispersal                Tloc           0%         N/A       100%        6


Dungeon Overview and Level Annotations

Branches:
Dungeon (3/15)

Altars:


Innate Abilities, Weirdness & Mutations

You have a tail ending in a sharp stinger.


Message History

You closely miss the orc wizard.
The orc wizard is moderately wounded.
The orc wizard closely misses you.
You slash the orc wizard!
The orc wizard is severely wounded.
The orc wizard hits you but does no damage.
You closely miss the orc wizard.
The orc wizard is severely wounded.
The orc wizard hits you but does no damage.
The orc wizard hits you with a +0 dagger.
* * * LOW HITPOINT WARNING * * *
You miss the orc wizard.
The orc wizard is severely wounded.
You block the orc wizard's attack.
You closely miss the orc wizard.
The orc wizard is severely wounded.
The orc wizard barely misses you.
You slash the orc wizard!
You kill the orc wizard!
The orc closely misses you.
You have reached level 4!
You feel clever.
Your demonic ancestry asserts itself...
Your tail grows a sharp stinger.
You barely miss the orc.
You tail-slap the orc, but do no damage.
The orc completely misses you.
You barely miss the orc. The orc barely misses you.
You slash the orc!
You kill the orc!
You barely miss the orc. The orc hits you with a +0 mace.
* * * LOW HITPOINT WARNING * * *
The orc hits you but does no damage.
You hit the orc.
The orc is heavily wounded.
The orc hits you with a +0 mace.
* * * LOW HITPOINT WARNING * * *
You hit the orc.
The orc is severely wounded.
The orc hits you with a +0 mace.
You die...

#.#.#####.###..##..##.........#
#.#.# #..##.##..............#
#...# ##.#.. #.....##########
##### .. #.....## >..
#......##### .... #.<...>....#
###############.###
################...#
......o@...........#
####################


You could see an orc.

Vanquished Creatures
  An orc wizard (D:3)
  An adder (D:3)
  A worm (D:2)
  3 dart slugs
  2 orcs (D:3)
  2 ball pythons
  7 bats
  2 endoplasms
  A giant cockroach (D:3)
  3 goblins
  4 hobgoblins
  3 jackals (D:1)
  5 kobolds
  A quokka (D:1)
  2 frilled lizards
  5 rats (D:1)
43 creatures vanquished.

Notes
Turn   | Place    | Note
-------+----------+-------------------------------------------
     0 | D:1      | BritishOli the Demonspawn Fighter began the quest for the
                  | Orb.
     0 | D:1      | Reached XP level 1. HP: 18/18 MP: 1/1
   117 | D:1      | Found a faded altar of an unknown god.
   130 | D:1      | Gained mutation: You have a small tail. [demonic ancestry]
   130 | D:1      | Reached XP level 2. HP: 22/24 MP: 2/2
   568 | D:1      | Reached XP level 3. HP: 13/29 MP: 3/3
  1720 | D:3      | Noticed Ijyb
  1723 | D:3      | Paralysed by Ijyb for 2 turns
  1733 | D:3      | Paralysed by Ijyb for 4 turns
  1743 | D:3      | Paralysed by Ijyb for 3 turns
  1751 | D:3      | HP: 1/29 [Ijyb/+0 club (2)]
  1752 | D:3      | Noticed Ijyb
  1752 | D:3      | Ijyb changed into Ijyb the adder
  1754 | D:3      | Killed Ijyb the adder
  2335 | D:3      | Gained mutation: You have a tail ending in a sharp stinger.
                  | [demonic ancestry]
  2335 | D:3      | Reached XP level 4. HP: 11/37 MP: 4/4
  2340 | D:3      | Slain by an orc

Illustrated notes

Levels and vault maps discovered:
D:1:      roderic_crop_circles_arrival_small, layout_basic,
          basic_ecumenical_altar
D:2:      layout_rooms, minmay_misc_feat_iff, minivault_24, due_unseen_surprise
D:3:      layout_rooms, uniq_ijyb

Skill      XL: |  1  2 |
---------------+-------+-----
Long Blades    | 2 |  2.5
Shields        | 3 |  3.3
Armour         | 3 |  3.2
Fighting       | |  3.7

Action                   |  1- 3 |  4- 6 || total
-------------------------+-------+-------++-------
Melee: Long sword        |   154 |     6 ||   160
       Tailslap          |    13 |     1 ||    14
Evoke: Wand              |     3 |       ||     3
Armor: Scale mail        |    93 |     1 ||    94
Dodge: Dodged            |    60 |     2 ||    62
Block: Buckler           |    31 |       ||    31

Table legend: (Time is in decaauts)
 A = Elapsed time spent in this place.
 B = Non-inter-level travel time spent in this place.
 C = Inter-level travel time spent in this place.
 D = Time resting spent in this place.
 E = Time spent auto-exploring this place.
 F = Levels seen in this place.
 G = Mean time per level.
                   A        B        C        D        E       F      G
               +--------+--------+--------+--------+--------+-----+--------+
         Total |   2391 |   2331 |     60 |    733 |   1217 |   3 |  797.0 |
       Dungeon |   2391 |   2331 |     60 |    733 |   1217 |   3 |  797.0 |
               +--------+--------+--------+--------+--------+-----+--------+

Top non-repeatable levels by time:
     D:1: 914 daAuts
     D:3: 740 daAuts
     D:2: 737 daAuts
